BSA
CHICAGO MACHINE @ GREENVILLE 84S
05/25/2029
 
TOP OF THE 1ST
Chicago Machine batting - Pitching for Greenville 84s : LHP Hong-ryul Yun
Pitching: LHP Hong-ryul Yun
Batting: RHB Gonzalo Gil 0-0: Ball
1-0: Ball
2-0: Called Strike
2-1: Ground out 5-3 (Groundball, 56)
Batting: LHB Bernardo Montés 0-0: Ball
1-0: Foul Ball, location: 2F
1-1: Ball
2-1: Ball
3-1: Base on Balls
Batting: RHB Doug Stephens 0-0: SINGLE (Line Drive, 78M)
Bernardo Montés to second
Batting: RHB Will Lott 0-0: Ball
1-0: Ball
2-0: Fly out, F7 (Flyball, 7S)
Batting: RHB Pablo Sandoval 0-0: Ball
1-0: Foul Ball, location: 2F
1-1: Ball
2-1: SINGLE (Groundball, 6MD)
Bernardo Montés to third
Doug Stephens to second
Runner from 3rd tries for Home, SAFE, no throw
Batting: RHB Lorenzo Guzmán 0-0: Called Strike
0-1: Ball
1-1: Ball
2-1: Called Strike
2-2: Foul Ball, location: 2F
2-2: Ball
3-2: Foul Ball, location: 2F
3-2: Strikes out looking
Top of the 1st over - 1 run, 2 hits, 0 errors, 2 left on base; Chicago 1 - Greenville 0
BOTTOM OF THE 1ST
Greenville 84s batting - Pitching for Chicago Machine : RHP Francisco Álvarez
Pitching: RHP Francisco Álvarez
Batting: RHB Carlos Torres 0-0: Ball
1-0: Called Strike
1-1: Ball
2-1: Foul Ball, location: 2F
2-2: Ball
3-2: SINGLE (Groundball, 6MD)
Batting: LHB Paco Rosas 0-0: Ball
Carlos Torres is caught stealing 2nd base
1-0: Ball
2-0: Ball
3-0: Base on Balls
Batting: RHB Enzo Díaz 0-0: Fly out, F6 (Line Drive, 6)
Batting: LHB Jimmy Vickers 0-0: Ball
1-0: Called Strike
Paco Rosas steals 2nd base
1-1: DOUBLE (Line Drive, 8LXD)
Paco Rosas scores
Pinch Runner at 2nd Ramiro Chávez:
Batting: LHB Chris Moore 0-0: Ball
1-0: Called Strike
1-1: Ball
2-1: Swinging Strike
2-2: Foul Ball, location: 2F
2-2: Ball
3-2: Strikes out swinging
Bottom of the 1st over - 1 run, 2 hits, 0 errors, 1 left on base; Chicago 1 - Greenville 1
TOP OF THE 2ND
Chicago Machine batting - Pitching for Greenville 84s : LHP Hong-ryul Yun
Now at 1B: Ramiro Chávez
Batting: RHB Raúl Bauza 0-0: Called Strike
0-1: Swinging Strike
0-2: Foul Ball, location: 2F
0-2: Strikes out swinging
Batting: LHB Denny Poole 0-0: Swinging Strike
0-1: Ball
1-1: Ball
2-1: Foul Ball, location: 2F
2-2: Foul Ball, location: 2F
2-2: Strikes out swinging
Batting: RHB Carl O'Dell 0-0: Ground out 5-3 (Groundball, 56S)
Top of the 2nd over - 0 runs, 0 hits, 0 errors, 0 left on base; Chicago 1 - Greenville 1
BOTTOM OF THE 2ND
Greenville 84s batting - Pitching for Chicago Machine : RHP Francisco Álvarez
Batting: RHB Casey Fox 0-0: Foul Ball, location: 2F
0-1: Ground out 3-1 (Groundball, 34)
Batting: RHB Robert Buckley 0-0: Ball
1-0: Ball
2-0: Called Strike
2-1: Foul Ball, location: 2F
2-2: Strikes out looking
Batting: LHB José Costa 0-0: Swinging Strike
0-1: Foul Ball, location: 2F
0-2: SINGLE (Groundball, 56D)
Batting: LHB Mario Cornelo 0-0: Foul Ball, location: 2F
0-1: Ball
1-1: Foul Ball, location: 2F
1-2: Ball
2-2: Fielders Choice at 2nd, 6-4 (Groundball, 6)
Bottom of the 2nd over - 0 runs, 1 hit, 0 errors, 1 left on base; Chicago 1 - Greenville 1
TOP OF THE 3RD
Chicago Machine batting - Pitching for Greenville 84s : LHP Hong-ryul Yun
Batting: RHB Gonzalo Gil 0-0: Ball
1-0: Ball
2-0: Foul Ball, location: 2F
2-1: Ball
3-1: Base on Balls
Batting: LHB Bernardo Montés 0-0: Called Strike
0-1: Called Strike
0-2: Foul Ball, location: 2F
0-2: Ball
1-2: Ball
2-2: Strikes out swinging
Batting: RHB Doug Stephens 0-0: Ball
1-0: Foul Ball, location: 2F
1-1: SINGLE (Line Drive, 9S)
Gonzalo Gil to second
Batting: RHB Will Lott 0-0: Foul Ball, location: 2F
0-1: Foul Ball, location: 2F
0-2: Strikes out swinging
Batting: RHB Pablo Sandoval 0-0: Called Strike
0-1: Ball
1-1: SINGLE (Groundball, 6) (infield hit)
Gonzalo Gil to third
Doug Stephens to second
Batting: RHB Lorenzo Guzmán 0-0: Called Strike
0-1: Ball
1-1: SINGLE (Flyball, 89M)
Gonzalo Gil scores
Doug Stephens to third
Pablo Sandoval to second
Runner from 3rd tries for Home, SAFE, no throw
Batting: RHB Raúl Bauza 0-0: Ball
1-0: Foul Ball, location: 2F
1-1: Foul Ball, location: 2F
1-2: Strikes out swinging
Top of the 3rd over - 2 runs, 3 hits, 0 errors, 2 left on base; Chicago 3 - Greenville 1
BOTTOM OF THE 3RD
Greenville 84s batting - Pitching for Chicago Machine : RHP Francisco Álvarez
Batting: RHB Carlos Torres 0-0: Ball
1-0: SINGLE (Flyball, 9S)
Batting: LHB Paco Rosas 0-0: Ball
1-0: Ball
2-0: Ball
3-0: Base on Balls
Carlos Torres to second
Batting: RHB Enzo Díaz 0-0: Ball
1-0: Called Strike
1-1: Ball
2-1: Ball
3-1: Foul Ball, location: 2F
3-2: Fielders Choice at 2nd, 6-4 (Groundball, 56)
Carlos Torres to third
Batting: RHB Ramiro Chávez 0-0: Called Strike
0-1: Swinging Strike
0-2: Strikes out looking
Batting: LHB Chris Moore 0-0: Ball
1-0: Ball
2-0: Fly out, F8 (Flyball, 8LS)
Bottom of the 3rd over - 0 runs, 1 hit, 0 errors, 2 left on base; Chicago 3 - Greenville 1
TOP OF THE 4TH
Chicago Machine batting - Pitching for Greenville 84s : LHP Hong-ryul Yun
Batting: LHB Denny Poole 0-0: Called Strike
0-1: Swinging Strike
0-2: Ball
1-2: Ball
2-2: SINGLE (Groundball, 6MD)
Batting: RHB Carl O'Dell 0-0: Ball
1-0: Called Strike
1-1: Ball
2-1: Foul Ball, location: 2F
2-2: Foul Ball, location: 2F
2-2: Strikes out looking
Batting: RHB Gonzalo Gil 0-0: Called Strike
0-1: Swinging Strike
0-2: Strikes out swinging
Batting: LHB Bernardo Montés 0-0: Ground out U3 (Groundball, 3)
Top of the 4th over - 0 runs, 1 hit, 0 errors, 1 left on base; Chicago 3 - Greenville 1
BOTTOM OF THE 4TH
Greenville 84s batting - Pitching for Chicago Machine : RHP Francisco Álvarez
Batting: RHB Casey Fox 0-0: Swinging Strike
0-1: Ball
1-1: Fly out, F7 (Flyball, 7LM)
Batting: RHB Robert Buckley 0-0: Called Strike
0-1: Foul Ball, location: 2F
0-2: Ground out U3 (Groundball, 3L)
Batting: LHB José Costa 0-0: Called Strike
0-1: SOLO HOME RUN (Flyball, 9LD), Distance : 333 ft
Batting: LHB Mario Cornelo 0-0: Ball
1-0: Ground out 4-3 (Groundball, 4)
Bottom of the 4th over - 1 run, 1 hit, 0 errors, 0 left on base; Chicago 3 - Greenville 2
TOP OF THE 5TH
Chicago Machine batting - Pitching for Greenville 84s : LHP Hong-ryul Yun
Batting: RHB Doug Stephens 0-0: Foul Ball, location: 2F
0-1: Ground out 5-3 (Groundball, 56)
Batting: RHB Will Lott 0-0: Ball
1-0: Ball
2-0: Swinging Strike
2-1: Called Strike
2-2: Ball
3-2: Foul Ball, location: 2F
3-2: Strikes out looking
Batting: RHB Pablo Sandoval 0-0: Ball
1-0: SINGLE (Line Drive, 56)
Batting: RHB Lorenzo Guzmán 0-0: Ball
1-0: Called Strike
1-1: SINGLE (Line Drive, 6MD)
Pablo Sandoval to second
Runner from 2nd tries for 3rd, SAFE, no throw
Batting: RHB Raúl Bauza 0-0: Called Strike
0-1: Foul Ball, location: 2F
0-2: Ball
1-2: Ball
2-2: Ball
3-2: Strikes out looking
Top of the 5th over - 0 runs, 2 hits, 0 errors, 2 left on base; Chicago 3 - Greenville 2
BOTTOM OF THE 5TH
Greenville 84s batting - Pitching for Chicago Machine : RHP Francisco Álvarez
Batting: RHB Carlos Torres 0-0: Ground out 4-3 (Groundball, 4D)
Batting: LHB Paco Rosas 0-0: Foul Ball, location: 2F
0-1: Ball
1-1: Fly out, F9 (Flyball, 9)
Batting: RHB Enzo Díaz 0-0: Ball
1-0: Ball
2-0: Ball
3-0: Called Strike
3-1: Base on Balls
Batting: RHB Ramiro Chávez 0-0: Ball
1-0: Ball
2-0: Called Strike
2-1: Swinging Strike
2-2: Foul Ball, location: 2F
2-2: Fielders Choice at 2nd, U4 (Groundball, 4M)
Bottom of the 5th over - 0 runs, 0 hits, 0 errors, 1 left on base; Chicago 3 - Greenville 2
TOP OF THE 6TH
Chicago Machine batting - Pitching for Greenville 84s : LHP Hong-ryul Yun
Batting: LHB Denny Poole 0-0: Swinging Strike
0-1: Foul Ball, location: 2F
0-2: Ball
1-2: Ball
2-2: Strikes out swinging
Batting: RHB Carl O'Dell 0-0: Fly out, F6 (Line Drive, 56)
Batting: RHB Gonzalo Gil 0-0: Ball
1-0: Fly out, F7 (Line Drive, 7)
Top of the 6th over - 0 runs, 0 hits, 0 errors, 0 left on base; Chicago 3 - Greenville 2
BOTTOM OF THE 6TH
Greenville 84s batting - Pitching for Chicago Machine : RHP Francisco Álvarez
Batting: LHB Chris Moore 0-0: Ball
1-0: Fly out, F7 (Flyball, 7)
Batting: RHB Casey Fox 0-0: Called Strike
0-1: Ball
1-1: Swinging Strike
1-2: Ball
2-2: Fly out, F8 (Flyball, 8RS)
Batting: RHB Robert Buckley 0-0: Ball
1-0: Ball
2-0: Ground out 5-3 (Groundball, 5)
Bottom of the 6th over - 0 runs, 0 hits, 0 errors, 0 left on base; Chicago 3 - Greenville 2
TOP OF THE 7TH
Chicago Machine batting - Pitching for Greenville 84s : LHP Hong-ryul Yun
Batting: LHB Bernardo Montés 0-0: Ball
1-0: Foul Ball, location: 2F
1-1: Called Strike
1-2: Strikes out swinging
Batting: RHB Doug Stephens 0-0: Ball
1-0: Foul Ball, location: 2F
1-1: Foul Ball, location: 2F
1-2: Ball
2-2: Foul Ball, location: 2F
2-2: Ball
3-2: SOLO HOME RUN (Flyball, 7LD), Distance : 344 ft
Batting: RHB Will Lott 0-0: Foul Ball, location: 2F
0-1: Ball
1-1: Ground out 6-3 (Groundball, 6)
Batting: RHB Pablo Sandoval 0-0: Ball
1-0: Swinging Strike
1-1: Ball
2-1: Foul Ball, location: 2F
2-2: Strikes out swinging
Top of the 7th over - 1 run, 1 hit, 0 errors, 0 left on base; Chicago 4 - Greenville 2
BOTTOM OF THE 7TH
Greenville 84s batting - Pitching for Chicago Machine : RHP Francisco Álvarez
Now at C: Clint Woods
Batting: LHB José Costa 0-0: Ball
1-0: Fly out, F8 (Flyball, 8LXD)
Batting: LHB Mario Cornelo 0-0: Ball
1-0: Called Strike
1-1: Foul Ball, location: 2F
1-2: Foul Ball, location: 2F
1-2: Ground out 4-3 (Groundball, 4)
Batting: RHB Carlos Torres 0-0: Ball
1-0: Foul Ball, location: 2F
1-1: SINGLE (Groundball, 56S) (infield hit)
Batting: LHB Paco Rosas 0-0: Ball
Carlos Torres steals 2nd base
1-0: Foul Ball, location: 2F
1-1: Ball
2-1: Ball
3-1: Ground out 4-3 (Groundball, 4)
Bottom of the 7th over - 0 runs, 1 hit, 0 errors, 1 left on base; Chicago 4 - Greenville 2
TOP OF THE 8TH
Chicago Machine batting - Pitching for Greenville 84s : LHP Hong-ryul Yun
Pitching: LHP Júlio Gracía
Batting: RHB Lorenzo Guzmán 0-0: Ball
1-0: SINGLE (Flyball, 7LS)
Batting: RHB Raúl Bauza 0-0: Called Strike
0-1: Ball
1-1: Hit by Pitch
Lorenzo Guzmán to second
Pinch Hitting: SHB José Alomar 0-0: Ball
1-0: Fly out, F3 (Popup, 34)
Batting: RHB Carl O'Dell 0-0: Called Strike
0-1: Swinging Strike
0-2: Strikes out swinging
Batting: RHB Gonzalo Gil 0-0: DOUBLE (Flyball, 7LD)
Lorenzo Guzmán scores
Raúl Bauza to third
Runner from 3rd tries for Home, throw and OUT!
Top of the 8th over - 1 run, 2 hits, 0 errors, 1 left on base; Chicago 5 - Greenville 2
BOTTOM OF THE 8TH
Greenville 84s batting - Pitching for Chicago Machine : RHP Francisco Álvarez
Pitching: RHP Juan Rodríguez
Now at 3B: Jesús Ramírez
Now in RF: José Alomar
Batting: RHB Enzo Díaz 0-0: Fly out, F8 (Flyball, 8RS)
Batting: RHB Ramiro Chávez 0-0: Fly out, F5 (Popup, 25F)
Batting: LHB Chris Moore 0-0: Ball
1-0: Ball
2-0: Foul Ball, location: 2F
2-1: SINGLE (Groundball, 6D)
Batting: RHB Casey Fox 0-0: SINGLE (Groundball, 6D)
Chris Moore to second
Batting: RHB Robert Buckley 0-0: Ball
1-0: Foul Ball, location: 2F
1-1: Foul Ball, location: 2F
1-2: Foul Ball, location: 2F
1-2: Fly out, F4 (Popup, 4)
Bottom of the 8th over - 0 runs, 2 hits, 0 errors, 2 left on base; Chicago 5 - Greenville 2
TOP OF THE 9TH
Chicago Machine batting - Pitching for Greenville 84s : LHP Júlio Gracía
Batting: LHB Bernardo Montés 0-0: Fly out, F9 (Flyball, 9)
Batting: SHB Clint Woods 0-0: Ball
1-0: Called Strike
1-1: Ball
2-1: Swinging Strike
2-2: Foul Ball, location: 2F
2-2: Ball
3-2: Strikes out swinging
Batting: RHB Will Lott 0-0: Fly out, F8 (Flyball, 8LD)
Top of the 9th over - 0 runs, 0 hits, 0 errors, 0 left on base; Chicago 5 - Greenville 2
BOTTOM OF THE 9TH
Greenville 84s batting - Pitching for Chicago Machine : RHP Juan Rodríguez
Pitching: RHP Víctor Reyes
Batting: LHB José Costa 0-0: Swinging Strike
0-1: Ball
1-1: Foul Ball, location: 2F
1-2: Fly out, F9 (Flyball, 9S)
Batting: LHB Mario Cornelo 0-0: Ball
1-0: Ground out 1-3 (Groundball, P)
Batting: RHB Carlos Torres 0-0: Ball
1-0: Ball
2-0: SINGLE (Groundball, 34D)
Batting: LHB Paco Rosas 0-0: Swinging Strike
0-1: Ball
1-1: Ball
2-1: Swinging Strike
2-2: Foul Ball, location: 2F
2-2: Foul Ball, location: 2F
2-2: Fly out, F8 (Flyball, 8LM)
Bottom of the 9th over - 0 runs, 1 hit, 0 errors, 1 left on base; Chicago 5 - Greenville 2
Saturday, December 16th, 2017 - OOTP Baseball 18.8 Build 76